AoeStats
← TrissTess

Hideout

509796069Analyzed
1v1 RM · 4d ago on Sep 28, 2026· 26m 46s· 2 players
Game mode
Random Map
Map size
Tiny (2 player)
Population
200
Speed
Normal
Resources
Standard
Victory
Conquest
Starting age
Dark Age
Ending age
Imperial Age
RankedLock teamsTeams togetherTeam positionsShared explorationLock speedFull tech treeHidden civsTurbo modeCheats
Victory
Defeat
🇦🇷 Goths · Argentina
1033
+14
🇨🇦 Vietnamese · Canada
1000
-14
TrissTess
11:15 Feudal Age
9:46 Loom
13:29 Double-Bit Axe
18:31 Castle Age
Don Vito
9:43 Feudal Age
11:05 Loom
12:03 Man-at-Arms
22:13 Castle Age
20:10 Double-Bit Axe
21:52 Fletching
22:39 Scale Mail Armor
22:32 Horse Collar
22:20 Long Swordsman
23:12 Squires
23:51 Bodkin Arrow
25:24 Forging
25:22 Heavy Plow
Connection lost

Rejoining the realm…

Still unreachable

The connection could not be restored.

Session expired

The server has moved on; the page needs a fresh start.